 Seeded DCSS version 0.30.1-4-g462c640d31 (webtiles) character file.

Game seed: 6351066067085065685 (custom seed)

11131 Esekla the Thaumaturge (level 11, 0/61 HPs)
             Began as a Deep Elf Necromancer on Aug 28, 2023.
             Was a High Priest of Vehumet.
             Slain by a troll (3 damage)
             ... led by an orc knight
             ... on level 10 of the Dungeon.
             The game lasted 01:16:11 (11066 turns).

Esekla the Thaumaturge (Deep Elf Necromancer)      Turns: 11066, Time: 01:16:12

Health: 0/61       AC:  7    Str:  5    XL:     11   Next: 45%
Magic:  38/38      EV: 16    Int: 25    God:    Vehumet [*****.]
Gold:   3          SH:  0    Dex: 15    Spells: 10/35 levels left

rFire   . . .        c - +4 great sword
rCold   . . .        (shield currently unavailable)
rNeg    . . .        M - +1 robe {Will+}
rPois   .            f - +1 helmet
rElec   .            H - +0 cloak
rCorr   .            l - +0 pair of gloves
SInv    .            (no boots)
Will    ++...        z - amulet of magic regeneration
Stlth   +++          I - ring of magical power
HPRegen 0.30/turn    P - ring of the Mage {Wiz Archmagi}
MPRegen 0.66/turn

%: wizardry (x1), archmagi
@: studying Fighting
A: no striking features
a: Renounce Religion


You were on level 10 of the Dungeon.
You worshipped Vehumet.
Vehumet was extremely pleased with you.
You visited 3 branches of the dungeon, and saw 12 of its levels.
You also visited: Bailey.

You collected 717 gold pieces.
You spent 714 gold pieces at shops.

Inventory:

Hand Weapons
 a - a +2 vampiric dagger
 c - a +4 great sword (weapon)
 r - a +4 trident of venom
 s - the +5 rapier of the Hero {heavy, rN+ Dex+3}
   (You found it on level 3 of the Dungeon)

   Dex:       It affects your dexterity (+3).
   rN:        It protects you from negative energy.
 x - a +5 scimitar
 J - the +2 bardiche of Puhoisos {heavy, rElec Stlth+}
   (You found it in a bailey)

   rElec:     It insulates you from electricity.
   Stlth:     It makes you more stealthy.
Missiles
 u - 49 poisoned darts (quivered)
 D - 3 curare-tipped darts
 O - 2 boomerangs
Armour
 f - a +1 helmet (worn)
 l - a +0 pair of gloves (worn)
 E - a +0 buckler
 H - a +0 cloak (worn)
 M - a +1 robe of willpower (worn)
Jewellery
 z - an amulet of magic regeneration (around neck)
 G - an amulet of reflection
 I - a ring of magical power (left hand)
 P - the ring of the Mage (right hand) {Wiz Archmagi}
   (You bought it in a shop on level 2 of the Dungeon)

   [ring of wizardry]

   It improves your spell success rate.
   Archmagi:  It increases the power of your magical spells.
Wands
 o - a wand of mindburst (8)
 v - a wand of roots (16)
 C - a wand of flame (12)
Scrolls
 i - 2 scrolls of silence
 j - 2 scrolls of poison {unknown}
 k - 2 scrolls of teleportation
 m - a scroll of enchant armour
 n - 2 scrolls of amnesia {unknown}
 p - 5 scrolls of blinking {unknown}
 q - 2 scrolls of fog
 w - 4 scrolls of enchant weapon {unknown}
 y - a scroll of magic mapping
 B - 2 scrolls of fear
 K - 2 scrolls of acquirement
 L - a scroll of vulnerability {unknown}
Potions
 b - a potion of magic
 d - 5 potions of curing
 e - 5 potions of attraction
 g - 2 potions of heal wounds
 h - 4 potions of haste
 t - 3 potions of brilliance {unknown}
 A - 2 potions of lignification
 F - 2 potions of ambrosia
 N - a potion of cancellation


   Skills:
 * Level 4.0 Fighting
 + Level 2.5(3.3) Short Blades
 + Level 2.8(3.2) Long Blades
 + Level 2.1 Throwing
 * Level 8.5 Dodging
 + Level 4.5 Stealth
 - Level 1.9 Shields
 * Level 12.5 Spellcasting
 * Level 5.6 Conjurations
 + Level 10.2 Necromancy
 + Level 5.0 Translocations
 * Level 3.3 Fire Magic
 + Level 3.4 Air Magic
 + Level 3.5 Poison Magic
 + Level 0.6 Evocations


You had 10 spell levels left.
You knew the following spells:

 Your Spells              Type           Power      Damage    Failure   Level
a - Necrotise             Necr           100%       1d9       1%          1
b - Kiss of Death         Conj/Necr      100%       2d13      1%          1
c - Dazzling Flash        Conj/Hex       88%        N/A       1%          3
d - Vampiric Draining     Necr           79%        2d11      1%          3
e - Searing Ray           Conj           100%       2d8       1%          2
f - Flame Wave            Conj/Fire      55%        2d13      1%          4
g - Plasma Beam           Fire/Air       24%        2x1d40    16%         6
t - Teleport Other        Tloc           57%        N/A       1%          3
v - Poisonous Vapours     Pois/Air       100%       N/A       1%          2

Your spell library contained the following spells:

 Spells                   Type           Power      Damage    Failure   Level
 Lesser Beckoning         Tloc           100%       N/A       1%          2
 Gell's Gravitas          Tloc           57%        N/A       1%          3
 Animate Dead             Necr           79%        N/A       1%          4
 Agony                    Necr           79%        N/A       1%          5
 Spider Form              Tmut/Pois      36%        N/A       2%          3
 Cause Fear               Hex            11%        N/A       16%         4
 Summon Mana Viper        Hex/Summ       23%        N/A       38%         5


Dungeon Overview and Level Annotations

Branches:
Dungeon (10/15)            Temple (1/1) D:6             Orc (1/2) D:10
 Bailey (visited)
   Lair: D:8-11

Altars:
Cheibriados
Dithmenos
Fedhas
Hepliaklqana
Nemelex Xobeh
Okawaru
Qazlal
Ru
Trog
Uskayaw
Vehumet
Xom
Zin
The Shining One

Shops:
D:2 =   D:4 (

Annotations:
D:7 Joseph


Message History

The orc warrior hits you with a +0 glaive.
The orc warrior misses you.
You slash the orc warrior!
The orc warrior is almost dead.
The orc warrior hits you with a +0 glaive.
Casting: Searing Ray (safe; 1% risk of failure)
Confirm with . or Enter, or press ? or * to list all spells.
Aiming: Vampiric Draining (safe; 1% risk of failure)
Press: ? - help, Shift-Dir - straight line, f - orc warrior
Aim: an orc warrior, wielding a +0 glaive and wearing a +0 plate armour (almost dead)
You feel a surge of power!
You draw life force from the orc warrior!
You kill the orc warrior!
Vehumet accepts your kill.
You feel life coursing into your body.
Your Fighting skill increases to level 4!
There is an open door, spattered with blood here.
Things that are here:
a +0 glaive; a +0 plate armour; an orc corpse
There is a staircase to the Orcish Mines here.
You start resting.
Magic restored.
You start resting.
HP restored.
You climb downwards.
Welcome back to the Orcish Mines!
An orc comes into view.
It is wielding a +1 flail of protection.
The orc warrior throws a boomerang.
The boomerang hits you. The orc warrior barely misses you.
The orc moves out of view.
There is a staircase back to the Dungeon, spattered with blood here.
The orc warrior throws a boomerang.
The boomerang hits you.
The orc warrior hits you with a +0 long sword!
The troll bites you! The troll barely misses you. The troll claws you!
You climb upwards.
Welcome back to the Dungeon!
There is a staircase to the Orcish Mines here.
The troll attacks as you move away! The troll bites you!
* * * LOW HITPOINT WARNING * * *
The troll claws you.
* * * LOW HITPOINT WARNING * * *
The troll claws you.
You die...

### #.# ###########.#
#.........o.# #.#########@# #.#
#####T## #.# #......# #.#
#......############### #.#
#......#.............# #.#
#......#.............#
#.#####......#..............
#.#..........#.............#
#####.#..........#.............#


You could see a troll and an orc warrior.

Vanquished Creatures
  Harold (D:9)
  2 two-headed ogres
  Pikel (D:6)
  2 orc knights (Bailey)
  2 cyclopes (D:9)
  A kobold demonologist (D:9)
  A troll (D:9)
  8 yaks
  2 steam dragons
  2 wyverns
  Menkaure (D:7)
  An ice beast (D:6)
  A sky beast (D:6)
  10 orc warriors
  2 black bears
  2 ogres
  2 centaurs
  A phantom (D:7)
  Blork the orc (D:6)
  4 kobold brigands
  3 gnoll sergeants
  2 bullfrogs
  2 scorpions (D:5)
  10 wights
  13 killer bees
  2 howler monkeys (D:9)
  2 quasits (D:8)
  2 gnoll boudas
  6 hounds
  A jelly (D:6)
  Crazy Yiuf (D:7)
  6 orc priests
  A sleepcap (D:5)
  5 iguanas
  8 orc wizards
  27 gnolls
  9 adders
  3 shadow imps (D:8)
  6 white imps
  4 ufetubi
  A worm (D:4)
  3 dart slugs
  53 orcs
  4 endoplasms
  9 goblins
  7 hobgoblins
  A quokka (D:1)
  6 ball pythons
  4 bats
  4 frilled lizards
  21 kobolds
  A rat (D:1)
274 creatures vanquished.

Notes
Turn   | Place    | Note
-------+----------+-------------------------------------------
     0 | D:1      | Esekla the Deep Elf Necromancer began the quest for the
                  | Orb.
     0 | D:1      | Reached XP level 1. HP: 10/10 MP: 6/6
   235 | D:2      | Found Renulab's Jewellery Shop.
   423 | D:4      | Found a radiant altar of Vehumet.
   427 | D:4      | Became a worshipper of Vehumet
   440 | D:4      | Found an iron altar of Okawaru.
   452 | D:4      | Found a glowing silver altar of Zin.
   594 | D:3      | Reached skill level 5 in Necromancy
   733 | D:3      | Reached XP level 2. HP: 15/15 MP: 8/8
   967 | D:3      | Identified the +5 rapier of the Hero {heavy, rN+ Dex+3}
  1361 | D:1      | Reached * piety under Vehumet
  1361 | D:1      | Offered knowledge of Kiss of Death by Vehumet.
  1362 | D:1      | Reached XP level 3. HP: 14/19 MP: 9/9
  1366 | D:1      | Learned a level 3 spell: Vampiric Draining
  1430 | D:1      | Learned a level 3 spell: Teleport Other
  1432 | D:1      | Learned a level 1 spell: Kiss of Death
  1630 | D:2      | Reached skill level 1 in Short Blades
  1655 | D:2      | Found a faded altar of an unknown god.
  1744 | D:2      | Reached XP level 4. HP: 21/24 MP: 3/11
  1885 | D:2      | Noticed a black bear
  2150 | D:2      | Killed a black bear
  2151 | D:2      | Reached skill level 4 in Spellcasting
  2151 | D:2      | Reached skill level 1 in Translocations
  2151 | D:2      | Reached XP level 5. HP: 28/28 MP: 5/13
  2511 | D:3      | Found a stormy altar of Qazlal.
  2514 | D:3      | Found a hazy altar of Hepliaklqana.
  2514 | D:3      | Found a bloodstained altar of Trog.
  2702 | D:4      | Found Ponaysk's Antique Weapon Boutique.
  2844 | D:4      | Found a glowing golden altar of the Shining One.
  2888 | D:4      | Reached XP level 6. HP: 29/32 MP: 9/14
  2976 | D:4      | Offered knowledge of Searing Ray by Vehumet.
  2980 | D:4      | Learned a level 2 spell: Searing Ray
  3026 | D:4      | Reached ** piety under Vehumet
  3390 | D:4      | Reached skill level 5 in Spellcasting
  3532 | D:5      | Entered Level 5 of the Dungeon
  3541 | D:5      | Got the Parchment of the Lumpy Olives
  3557 | D:5      | Found a shadowy altar of Dithmenos.
  3724 | D:5      | Reached skill level 1 in Conjurations
  3724 | D:5      | Reached XP level 7. HP: 34/36 MP: 8/17
  3751 | D:5      | Reached skill level 6 in Spellcasting
  4477 | D:6      | Noticed Blork the orc
  4563 | D:6      | Reached skill level 5 in Dodging
  4687 | D:6      | Offered knowledge of Poisonous Vapours by Vehumet.
  4691 | D:6      | Learned a level 2 spell: Poisonous Vapours
  4730 | D:6      | Killed Blork the orc
  4731 | D:6      | Reached skill level 7 in Spellcasting
  4731 | D:6      | Reached XP level 8. HP: 39/41 MP: 10/20
  4889 | D:6      | Found a blossoming altar of Fedhas.
  4899 | D:6      | Reached skill level 1 in Poison Magic
  5019 | D:6      | Found a staircase to the Ecumenical Temple.
  5042 | D:6      | Noticed Pikel
  5043 | D:6      | Reached skill level 1 in Air Magic
  5096 | Temple   | Entered the Ecumenical Temple
  5224 | D:7      | Found a runed translucent door.
  5225 | D:7      | Noticed Crazy Yiuf
  5231 | D:7      | Killed Crazy Yiuf
  5304 | D:6      | Killed Pikel
  5305 | D:6      | Reached skill level 1 in Shields
  5305 | D:6      | Reached skill level 8 in Spellcasting
  5520 | D:7      | Reached XP level 9. HP: 38/45 MP: 19/23
  5699 | D:7      | Noticed Joseph
  5777 | D:8      | Reached *** piety under Vehumet
  5802 | D:7      | HP: 1/45 [something (11)]
  6094 | D:8      | Reached skill level 9 in Spellcasting
  6130 | D:8      | Offered knowledge of Flame Wave by Vehumet.
  6151 | D:8      | Noticed a two-headed ogre
  6252 | D:7      | Noticed Menkaure
  6259 | D:7      | Learned a level 4 spell: Flame Wave
  6662 | D:8      | Reached **** piety under Vehumet
  6917 | D:7      | Killed Menkaure
  6960 | D:7      | Offered knowledge of Dazzling Flash by Vehumet.
  7443 | D:8      | Found a hide-covered altar of Uskayaw.
  7460 | D:8      | Found a transporter.
  7474 | D:8      | Found a transporter.
  7475 | D:8      | Found a transporter.
  7476 | D:8      | Found a transporter.
  7900 | D:8      | Killed a two-headed ogre
  7901 | D:8      | Reached skill level 10 in Spellcasting
  7901 | D:8      | Reached XP level 10. HP: 50/50 MP: 26/26
  8120 | D:9      | Found a flagged portal.
  8145 | Bailey   | Entered a bailey
  8318 | Bailey   | Reached skill level 1 in Throwing
  8394 | Bailey   | Identified the +2 bardiche of Puhoisos {heavy, rElec
                  | Stlth+}
  8468 | Bailey   | Learned a level 3 spell: Dazzling Flash
  8567 | Bailey   | Noticed an orc knight
  8567 | Bailey   | Noticed an orc knight
  8592 | Bailey   | Killed an orc knight
  8613 | Bailey   | Killed an orc knight
  8614 | Bailey   | Reached skill level 1 in Long Blades
  8614 | Bailey   | Reached skill level 11 in Spellcasting
  8614 | Bailey   | Reached skill level 1 in Fire Magic
  8826 | D:9      | Reached skill level 5 in Conjurations
  8876 | D:9      | Reached skill level 1 in Fighting
  8876 | D:9      | Reached skill level 5 in Translocations
  9000 | D:9      | Found a sparkling altar of Nemelex Xobeh.
  9053 | D:9      | Noticed a two-headed ogre
  9068 | D:9      | Killed a two-headed ogre
  9172 | D:9      | Noticed Harold
  9180 | D:9      | Killed Harold
  9304 | D:9      | Noticed a cyclops
  9319 | D:9      | Killed a cyclops
  9320 | D:9      | Reached skill level 12 in Spellcasting
  9320 | D:9      | Reached XP level 11. HP: 58/58 MP: 29/29
  9571 | D:10     | Entered Level 10 of the Dungeon
  9622 | D:10     | Reached ***** piety under Vehumet
  9713 | D:10     | Offered knowledge of Plasma Beam by Vehumet.
  9722 | D:10     | Learned a level 6 spell: Plasma Beam
  9753 | D:10     | Found a staircase to the Orcish Mines.
  9806 | D:9      | Reached skill level 10 in Necromancy
 10116 | D:10     | Found a sacrificial altar of Ru.
 10640 | Orc:1    | Entered Level 1 of the Orcish Mines
 10844 | D:2      | Bought the ring of the Mage {Wiz Archmagi} for 714 gold
                  | pieces
 10844 | D:2      | Found the ring of the Mage {Wiz Archmagi}
 11034 | Orc:1    | Noticed an orc knight
 11066 | D:10     | HP: 3/61 [troll[an orc knight] (3)]
 11066 | D:10     | Slain by a troll

Illustrated notes

Levels and vault maps discovered:
D:1:      sevenhm_arrival_forest_fort_small_3, layout_rooms,
          chequers_serial_rivers_room_b, minmay_misc_feat_five
D:2:      layout_loops_ring, dreamdust_ecumenical_altar_angels_and_demons,
          serial_shops, shop
D:3:      layout_basic, grunt_temple_overflow_open, minmay_misc_feat_iff
D:4:      layout_basic, nicolae_overflow_quartered_altars, serial_shops,
          nicolae_diamond_shop
D:5:      layout_loops_ring, lemuel_doored_altar, minmay_misc_feat_rows,
          dreamdust_wishing_well
D:6:      layout_loops_cross, fedhas_altar_fruit_tree,
          minmay_temple_entry_glass, uniq_pikel, uniq_blork_the_orc
D:7:      layout_basic, uniq_menkaure, uniq_joseph, uniq_crazy_yiuf_cottage
D:8:      layout_basic, nicolae_uskayaw_dance_hall, serial_demonic,
          serial_demonic_d, serial_demonic_a, serial_demonic_c,
          serial_demonic_c, nicolae_diode_quadrants
D:9:      layout_irregular_city, kennysheep_little_box, enter_bailey_4,
          minmay_between, uniq_harold
D:10:     layout_basic, nicolae_ru_awakened_eye
Temple:   compressed_dpeg_circular_temple
Orc:1:    layout_caves

Skill      XL: |  1  2  3  4  5  6  7  8  9 10 11 |
---------------+----------------------------------+-----
Necromancy     | 5 6 7 8 9 10 | 10.2
Dodging        | 3 4 5 7 8 |  8.5
Short Blades   | 1 2 |  2.5
Stealth        | 3 4 |  4.5
Spellcasting   | 4 5 7 8 10 12 | 12.5
Translocations | 1 2 3 4 5 |  5.0
Conjurations   | 1 2 4 5 |  5.6
Poison Magic   | 1 3 |  3.5
Air Magic      | 1 2 3 |  3.4
Shields        | 1 |  1.9
Throwing       | 2 |  2.1
Long Blades    | 1 2 |  2.8
Fire Magic     | 2 3 |  3.3
Fighting       | 2 4 |  4.0
Evocations     | |  0.6

Action                     |  1- 3 |  4- 6 |  7- 9 | 10-12 || total
---------------------------+-------+-------+-------+-------++-------
  Melee: Short sword       |   153 |   131 |       |       ||   284
         Unarmed           |     9 |       |       |       ||     9
         Dagger            |       |    17 |    33 |       ||    50
         Punch             |       |     2 |     1 |       ||     3
         Rapier            |       |       |    12 |    11 ||    23
         Scimitar          |       |       |     3 |       ||     3
         Trident           |       |       |     1 |       ||     1
         Great sword       |       |       |       |    59 ||    59
  Throw: Dart              |     6 |     3 |    14 |    14 ||    37
   Cast: Vampiric Draining |     6 |    28 |    53 |    68 ||   155
         Searing Ray       |       |     6 |    65 |    37 ||   108
         Teleport Other    |       |       |     4 |     2 ||     6
         Poisonous Vapours |       |       |     2 |    18 ||    20
  Evoke: Wand              |       |       |     5 |     7 ||    12
    Use: Scroll            |     1 |       |    11 |     4 ||    16
         Potion            |       |     4 |     2 |       ||     6
   Stab: Sleeping          |     5 |     2 |     4 |     4 ||    15
 Armour: Robe              |    48 |    32 |    41 |    45 ||   166
  Dodge: Dodged            |   138 |    99 |   140 |   204 ||   581
